Map: Apotheosis LE

Players

Gracz - Winner!

  • Race: Zerg Zerg
  • League: Silver

Pejek

  • Race: Terran Terran
  • League: Silver

VOD

Have the link to the VOD?

Description

Time

  • Played on: Oct. 10, 2016, 1:13 p.m.
  • Length: 16:22
Show
View Real Time Build Order
Export as new Build Order

Gracz Zerg - Winner!

Build Orders: 3 Hatch before Pool, Lurkers 

Get SALT Encoding   

  12  0:02  Drone  
  13  0:13  Drone  
  14  0:18  Overlord  
  14  0:31  Extractor  
  14  0:33  Drone  
  14  0:36  Drone  
  15  1:10  Hatchery  
  15  1:26  Hatchery  
  15  1:32  Spawning Pool, Drone  
  14  1:33  Drone  
  15  2:12  Hatchery  
  15  2:21  Roach Warren  
  15  2:22  Zergling x6  
  17  2:28  Hatchery  
  17  2:52  Queen, Drone x2  
  21  3:05  Overlord  
  21  3:06  Overlord  
  21  3:44  Metabolic Boost  
  21  3:47  Roach x3  
  27  3:52  Hatchery  
  26  4:17  Drone  
  26  4:18  Drone x2  
  26  4:20  Roach x2  
  33  4:34  Drone  
  34  4:47  Hatchery  
  33  5:05  Spine Crawler  
  32  5:07  Queen  
  32  5:11  Roach  
  36  5:20  Drone  
  37  5:32  Roach x3  
  43  5:40  Spine Crawler  
  42  5:45  Overlord  
  42  5:49  Drone x2  
  44  6:23  Overlord  
  44  6:26  Roach x3  
  31  6:57  Roach x2  
  37  7:06  Roach  
  31  7:09  Roach x2  
  31  7:10  Roach x4  
  43  7:29  Roach x2  
  39  7:40  Roach  
  41  7:47  Drone x5  
  41  7:48  Drone  
  41  8:12  Lair, Extractor  
  40  8:20  Evolution Chamber  
  33  8:32  Roach x9  
  45  8:42  Drone x3  
  48  9:02  Zerg Melee Weapons Level 1  
  48  9:07  Evolution Chamber  
  47  9:10  Extractor  
  47  9:11  Extractor  
  47  9:12  Drone x7  
  52  9:17  Overlord  
  44  9:55  Hydralisk Den  
  43  10:11  Hatchery  
  42  10:23  Spire  
  42  10:24  Hatchery  
  40  10:31  Infestation Pit  
  39  10:41  Drone x11  
  50  10:47  Ravager x3  
  53  11:31  Drone  
  53  11:32  Drone x7  
  61  11:42  Hive  
  61  11:48  Queen x3  
  67  11:59  Lurker Den  
  67  12:03  Hydralisk x2  
  71  12:21  Roach x3  
  71  12:22  Roach x3  
  50  13:04  Hydralisk x4  
  50  13:05  Hydralisk x5  
  51  13:07  Hydralisk x2  
  40  13:48  Lurker x7  
  46  13:50  Hydralisk  
  49  14:06  Drone x5  
  49  14:07  Drone x4  
  58  14:24  Drone x3  
  49  15:16  Mutalisk  
  49  15:17  Mutalisk x2  
  55  15:53  Mutalisk x3  
  61  16:08  Hatchery  
Show
View Real Time Build Order
Export as new Build Order

Pejek Terran 

Build Orders: MMM Bio 

Get SALT Encoding   

  12  0:01  SCV  
  13  0:13  SCV  
  14  0:20  Supply Depot  
  14  0:28  SCV  
  15  0:41  SCV  
  16  0:44  Barracks  
  16  0:48  Refinery  
  16  0:53  SCV  
  17  1:08  SCV  
  18  1:26  SCV  
  19  1:43  Orbital Command  
  19  1:44  Reaper  
  20  1:51  Barracks  
  20  2:16  SCV  
  21  2:28  SCV  
  22  2:31  Barracks Reactor  
  22  2:45  Refinery  
  22  2:50  Barracks Tech Lab  
  22  3:00  Supply Depot  
  22  3:05  SCV  
  23  3:22  Marine x2  
  25  3:27  Marine  
  26  3:39  Marine  
  27  3:54  Factory  
  27  3:56  Marine x2  
  27  3:57  Marine  
  30  4:03  Supply Depot  
  29  4:15  Command Center  
  29  4:19  Stimpack  
  29  4:20  Marine x2  
  31  4:24  Marine  
  31  4:25  Supply Depot  
  31  4:28  SCV  
  31  4:29  Engineering Bay  
  33  4:38  Marine x2  
  35  4:40  SCV  
  35  4:42  Marine  
  37  4:53  SCV  
  37  4:56  Marine x2  
  40  5:05  Marauder  
  42  5:11  Factory Tech Lab  
  42  5:22  Supply Depot  
  42  5:26  Marauder  
  44  5:29  Orbital Command  
  44  5:31  Siege Tank  
  47  5:39  Terran Infantry Weapons Level 1  
  47  5:45  SCV  
  47  5:47  Supply Depot  
  47  5:48  Marauder  
  50  5:57  SCV  
  50  5:59  Marine  
  50  6:00  Marine  
  53  6:09  Marauder  
  54  6:30  Marauder  
  51  6:41  Marine x2  
  48  6:51  Marine  
  44  6:59  Marine x2  
  43  7:09  Marauder  
  45  7:17  Marine x2  
  45  7:21  Barracks  
  44  7:31  Marauder  
  44  7:34  Marine  
  44  7:35  Marine  
  46  7:52  Marine x3  
  49  8:04  Bunker  
  49  8:06  Siege Tank  
  49  8:10  Marauder  
  49  8:11  Barracks Tech Lab  
  54  8:15  Supply Depot  
  54  8:16  Terran Infantry Armor Level 1  
  54  8:17  Orbital Command  
  51  8:31  Marauder  
  49  8:37  Supply Depot  
  49  8:38  Siege Tank  
  52  8:41  Starport  
  52  8:46  Factory  
  52  8:50  Marauder  
  52  8:53  Marauder  
  56  9:00  SCV  
  57  9:12  SCV, Marauder  
  57  9:14  Marauder  
  57  9:15  Supply Depot  
  57  9:16  SCV  
  63  9:21  Refinery  
  63  9:24  SCV  
  63  9:28  SCV  
  65  9:33  Marauder  
  65  9:35  Starport Tech Lab  
  65  9:36  Starport Reactor, Refinery, Marauder  
  69  9:39  Factory Tech Lab  
  69  9:52  Barracks  
  69  9:56  Barracks  
  69  9:57  Engineering Bay, Marauder  
  71  10:01  Siege Tank x2  
  71  10:03  Marauder  
  71  10:04  Marine  
  80  10:18  Marauder  
  80  10:19  Medivac x2  
  86  10:34  Marine x3  
  89  10:36  Command Center  
  89  10:39  Marine  
  90  10:52  Marine x2  
  90  10:53  Medivac x2  
  90  10:56  Combat Shields  
  96  10:58  Concussive Shells  
  96  11:00  Barracks Reactor  
  96  11:01  Barracks Reactor  
  96  11:10  Barracks  
  96  11:14  Starport  
  96  11:56  SCV  
  96  11:57  SCV  
  97  12:08  SCV  
  97  12:09  SCV  
  99  12:21  SCV x2  
  101  12:33  SCV x2  
  93  13:17  Marine x2, Marauder x2  
  93  13:18  Marine x4  
  93  13:19  Medivac  
  105  13:20  Medivac  
  105  13:21  Siege Tank  
  105  13:22  Siege Tank  
  104  13:35  Marine x4  
  104  13:36  Marine x2  
  104  13:38  Marauder x2  
  106  13:49  Medivac  
  106  13:50  Medivac  
  106  13:51  Starport Reactor  
  106  13:52  Barracks Tech Lab  
  106  13:53  Marine  
  106  13:54  Siege Tank x2  
  117  14:08  Supply Depot x2  
  117  14:09  Supply Depot  
  117  14:29  Marine x5, Siege Tank  
  117  14:30  Marine x2, Medivac x2, Marauder x2  
  135  14:32  Supply Depot x2  
  135  14:33  Supply Depot  
  135  14:47  Marine  
  104  15:02  Medivac x4  
  112  15:31  Medivac  
  112  15:32  Medivac x2  
  118  15:41  Marine x4  
  118  15:42  Marine x5  
  127  16:00  Marauder  
Tags
 
Add a new tag
Caveats
  • Supply blocks, unpowered buildings, or Contaminate may cause inaccurate times.
  • Supply counts are checked every 10 seconds.